Map: Acid Plant LE

Players

ILIEKEGGPIE - Winner!

  • Race: Protoss Protoss
  • League: Platinum
  • Spawn Location: 11:00

Polyman

  • Race: Protoss Protoss
  • League: Platinum
  • Spawn Location: 5:00

VOD

Have the link to the VOD?

Description

Time

  • Played on: April 5, 2018, 8:29 p.m.
  • Length: 9:37
Show
View Real Time Build Order
Export as new Build Order

ILIEKEGGPIE Protoss - Winner!

Build Orders:  

Get SALT Encoding   

  12  0:00  Probe  
  13  0:13  Probe  
  14  0:18  Pylon  
  14  0:25  Probe (Chrono Boost)  
  15  0:37  Probe (Chrono Boost)  
  15  0:41  Gateway  
  16  0:45  Probe (Chrono Boost)  
  17  0:51  Probe  
  18  0:58  Assimilator  
  18  1:05  Gateway  
  18  1:16  Probe (Chrono Boost)  
  19  1:24  Assimilator, Probe (Chrono Boost)  
  20  1:28  Cybernetics Core  
  20  1:32  Probe  
  20  1:38  Pylon  
  21  2:01  Warp Gate (Chrono Boost)  
  21  2:17  Nexus  
  21  2:23  Stalker  
  21  2:26  Probe  
  24  2:46  Stalker  
  24  2:49  Probe  
  26  3:01  Probe  
  26  3:02  Pylon  
  26  3:03  Stalker  
  29  3:15  Gateway  
  29  3:38  Probe (Chrono Boost)  
  31  3:43  Probe (Chrono Boost)  
  31  3:47  Probe (Chrono Boost)  
  32  3:49  Robotics Facility  
  32  3:51  Probe (Chrono Boost)  
  33  3:56  Forge  
  33  3:59  Stalker  
  33  4:00  Sentry  
  37  4:03  Probe  
  37  4:04  Probe  
  39  4:24  Gateway  
  39  4:26  Protoss Ground Weapons Level 1 (Chrono Boost)  
  39  4:29  Pylon  
  39  4:32  Probe (Chrono Boost)  
  39  4:33  Probe (Chrono Boost)  
  39  4:37  Observer  
  42  4:42  Probe (Chrono Boost)  
  42  4:43  Probe (Chrono Boost)  
  42  4:47  Probe x2 (Chrono Boost)  
  41  5:08  Immortal (Chrono Boost)  
  45  5:29  Stalker  
  45  5:30  Stalker  
  45  5:32  Probe (Chrono Boost)  
  51  5:35  Pylon  
  51  5:38  Probe (Chrono Boost)  
  51  5:42  Probe (Chrono Boost)  
  52  5:46  Probe (Chrono Boost)  
  52  5:47  Probe (Chrono Boost)  
  54  5:51  Immortal  
  54  5:53  Stalker  
  54  5:54  Stalker  
  54  5:56  Probe  
  63  5:57  Stalker  
  63  5:59  Probe  
  63  6:01  Stalker  
  68  6:06  Assimilator  
  68  6:08  Probe  
  69  6:12  Assimilator  
  69  6:13  Pylon  
  69  6:33  Stalker x3  
  69  6:34  Stalker  
  69  6:36  Protoss Ground Armor Level 1 (Chrono Boost)  
  77  6:43  Pylon  
  77  6:47  Pylon  
  77  6:48  Shield Battery  
  67  7:24  Stalker x3  
  67  7:29  Probe (Chrono Boost)  
  71  7:30  Twilight Council  
  71  7:32  Immortal  
  71  7:35  Probe (Chrono Boost)  
  73  7:39  Probe (Chrono Boost)  
  73  7:43  Photon Cannon  
  74  7:47  Photon Cannon x2  
  74  7:50  Photon Cannon  
  74  7:54  Photon Cannon x2  
  72  8:04  Stalker x2  
  72  8:05  Stalker  
  76  8:15  Photon Cannon  
  76  8:39  Stalker x2, Sentry x2  
  84  9:08  Probe (Chrono Boost)  
  85  9:13  Stalker x2, Probe (Chrono Boost)  
  85  9:14  Stalker  
  91  9:21  Probe (Chrono Boost)  
  88  9:28  Stalker  
Show
View Real Time Build Order
Export as new Build Order

Polyman Protoss 

Build Orders: Oracle Opening 

Get SALT Encoding   

  12  0:00  Probe  
  13  0:13  Probe  
  14  0:18  Pylon  
  14  0:25  Probe (Chrono Boost)  
  15  0:37  Probe (Chrono Boost)  
  15  0:40  Gateway  
  16  0:46  Probe (Chrono Boost)  
  17  0:50  Assimilator  
  17  0:51  Probe (Chrono Boost)  
  18  0:59  Assimilator  
  18  1:03  Probe (Chrono Boost)  
  19  1:13  Probe (Chrono Boost)  
  20  1:23  Probe, Pylon  
  21  1:29  Cybernetics Core  
  21  1:35  Probe  
  22  1:52  Gateway  
  22  1:58  Probe  
  23  2:02  Warp Gate (Chrono Boost)  
  23  2:06  Stalker (Chrono Boost)  
  23  2:13  Probe  
  26  2:26  Probe  
  27  2:34  Stargate  
  27  2:42  Probe  
  28  2:47  Stargate  
  28  2:52  Nexus  
  28  2:54  Probe  
  29  3:01  Pylon  
  29  3:17  Probe  
  30  3:29  Probe  
  30  3:31  Oracle  
  34  3:41  Probe  
  35  3:46  Pylon  
  35  3:53  Probe  
  36  4:01  Sentry  
  38  4:08  Probe x2 (Chrono Boost)  
  38  4:09  Phoenix (Chrono Boost)  
  42  4:20  Probe (Chrono Boost)  
  44  4:25  Pylon  
  44  4:28  Pylon, Probe (Chrono Boost)  
  44  4:29  Probe (Chrono Boost)  
  45  4:33  Phoenix  
  47  4:58  Phoenix  
  49  5:03  Probe x2  
  49  5:06  Assimilator  
  51  5:09  Assimilator  
  51  5:12  Twilight Council  
  51  5:16  Probe x2  
  53  5:23  Phoenix (Chrono Boost)  
  53  5:28  Probe  
  55  5:29  Probe  
  56  5:40  Probe  
  57  5:43  Phoenix (Chrono Boost)  
  57  5:48  Blink (Chrono Boost)  
  59  5:54  Gateway  
  59  5:56  Gateway  
  59  5:58  Gateway  
  59  6:00  Pylon  
  59  6:05  Phoenix (Chrono Boost)  
  59  6:07  Gateway  
  61  6:19  Probe x2  
  61  6:21  Phoenix (Chrono Boost)  
  65  6:39  Stalker x2  
  68  6:55  Stalker x3  
  65  7:22  Stalker x2  
  67  7:35  Pylon  
  67  7:38  Pylon x2  
  67  7:40  Phoenix (Chrono Boost)  
  69  7:56  Phoenix (Chrono Boost)  
  71  8:02  Probe  
  72  8:11  Stalker x2  
  72  8:12  Stalker x2  
  80  8:13  Stalker  
  82  8:33  Phoenix (Chrono Boost)  
  82  8:38  Pylon  
  82  8:41  Stalker x4  
  86  8:42  Stalker  
  86  8:45  Pylon  
  94  8:48  Pylon  
  94  8:50  Pylon  
  94  8:54  Gateway  
  94  8:55  Phoenix (Chrono Boost)  
  94  8:57  Gateway  
  96  9:04  Stalker  
  96  9:05  Stalker x4  
  96  9:06  Stalker  
  94  9:30  Stalker x6  
Tags
 
Matchup
PvP
Replay Pack
Multi
Spawn Locations
Cross Positions
Add a new tag
Caveats
  • Supply blocks, unpowered buildings, or Contaminate may cause inaccurate times.
  • Supply counts are checked every 10 seconds.